 Dungeon Crawl Stone Soup version 0.27-a0-1119-gbf574a6a6b (webtiles) character file.

Game seed: 6179399180037202064

248 Zeld the Skirmisher (level 6, -1/44 HPs)
             Began as an Octopode Fighter on May 2, 2021.
             Killed by divine providence
             ... invoked by an orc priest
              (13 damage)
             ... on level 4 of the Dungeon.
             The game lasted 00:04:00 (3750 turns).

Zeld the Skirmisher (Octopode Fighter)              Turns: 3750, Time: 00:04:01

Health: -1/44      AC:  1    Str: 17    XL:     6   Next: 12%
Magic:  6/6        EV: 11    Int: 11    God:
Gold:   257        SH:  9    Dex: 11    Spells: 5/5 levels left

rFire    . . .     SeeInvis .   a - +0 war axe
rCold    . . .     Faith    .   b - +0 kite shield
rNeg     . . .     Spirit   .   (helmet restricted)
rPois    .         Reflect  .   (no amulet)
rElec    .         Harm     .   (no ring)
rCorr    .         Rampage  .   (no ring)
Will     .....                  (no ring)
Stlth    ++........             (no ring)
HPRegen  0.14/turn              (no ring)
MPRegen  0.10/turn              (no ring)
                                (no ring)
                                (no ring)

@: mighty
A: almost no armour, amphibious, 8 rings, camouflage 1, gelatinous body 1,
(nimble swimmer 1), tentacles
a: no special abilities


You were on level 4 of the Dungeon.
You visited 1 branch of the dungeon, and saw 4 of its levels.

You collected 257 gold pieces.

Inventory:

Hand Weapons
 a - a +0 war axe (weapon)
 d - a +0 war axe
Armour
 b - a +0 kite shield (worn)
Scrolls
 h - a scroll of fear {unknown}
 i - a scroll of teleportation {unknown}
 j - a scroll of identify {unknown}
Potions
 e - a potion of attraction {unknown}
 f - a potion of haste {unknown}
 g - a potion of heal wounds {unknown}


   Skills:
 * Level 4.5 Fighting
 * Level 3.8 Axes
 - Level 3.0 Dodging
 * Level 4.5 Shields


You had 5 spell levels left.
You didn't know any spells.
Your spell library was empty.

Dungeon Overview and Level Annotations

Branches:
Dungeon (4/15)
 Temple: D:4-7

Altars:
Hepliaklqana

Annotations:
D:3 3 runed translucent doors, Mels's ghost, amateur DgCj; MisterAzrael's ghost, amateur SpEn; Zeld's ghost, amateur OpFi


Innate Abilities, Weirdness & Mutations

You cannot wear most types of armour.
You are amphibious.
You can wear up to eight rings at the same time.
Your skin changes colour to match your surroundings (Stealth+).
Your rubbery body absorbs attacks. (AC +1, EV +1)
((You are camouflaged near water. (Stealth+)))
You have tentacles for arms and can constrict up to eight enemies at once.


Message History

The orc wizard shouts!
The orc priest looks encouraged for a moment.
You slash the orc wizard! Your grab misses the orc wizard.
The orc wizard is severely wounded.
The orc wizard hits you with a +0 dagger.
You barely miss the orc wizard. You grab the orc wizard.
The orc wizard is severely wounded.
You constrict the orc wizard.
The orc wizard struggles to escape constriction.
The orc priest casts a cantrip, but nothing happens.
The orc wizard gestures at itself while chanting.
The orc wizard flickers and vanishes!
Deactivating autopickup; reactivate with Ctrl-A.
The orc wizard closely misses you.
You release your grip on the orc wizard.
The orc wizard casts a spell at you. You resist with some effort.
You slash the orc wizard!
You kill the orc wizard!
You have reached level 6!
Your experience leads to an increase in your attributes!
Increase (S)trength, (I)ntelligence, or (D)exterity?
Uppercase letters only, please.
You feel stronger. The orc hits you with a +0 dagger.
Things that are here:
a +0 dagger; a +0 robe You slash the orc!
You kill the orc!
Something hits you.
You closely miss something. You squeeze something!
You hear some strange, mumbled words.
A magic dart appears from out of thin air!
The magic dart hits you.
A magic dart appears from out of thin air!
The magic dart hits you.
* * * LOW HITPOINT WARNING * * *
The orc priest mumbles some strange prayers to Beogh against you.
Beogh smites you!
You die...

######### #.......#
#.......#
###o......# #######
### #..)......#
..)...# ..#
#.##)######
#####.###.###.##o..#
..#....##.#...##@###
#.#.#...#.##o###+#
..#.##..#....#
###......###.{......
######.....#.#o.....
.# #.#####.#.#.###
.#####.... #.# # #
.'....### .$#
.#....#.# ###


You could see an orc priest and an orc wizard.

Vanquished Creatures
  An ogre (D:4)
  An iguana (D:3)
  An orc wizard (D:4)
  3 adders
  2 dart slugs
  3 orcs
  2 endoplasms
  4 giant cockroaches
  14 goblins
  5 hobgoblins
  11 jackals
  3 quokkas
  5 ball pythons
  5 bats
  4 frilled lizards
  2 kobolds (D:1)
  8 rats
74 creatures vanquished.

Notes
Turn   | Place    | Note
-------+----------+-------------------------------------------
     0 | D:1      | Zeld the Octopode Fighter began the quest for the Orb.
     0 | D:1      | Reached XP level 1. HP: 16/16 MP: 1/1
    51 | D:1      | Reached XP level 2. HP: 16/21 MP: 2/2
   613 | D:1      | Reached XP level 3. HP: 25/26 MP: 3/3
   663 | D:1      | HP: 1/26 [jackal (1)]
  1752 | D:2      | Reached XP level 4. HP: 26/33 MP: 4/4
  3018 | D:3      | Found a faded altar of an unknown god.
  3131 | D:3      | Reached XP level 5. HP: 22/37 MP: 5/5
  3261 | D:3      | Found a runed translucent gate.
  3279 | D:3      | Found a hazy altar of Hepliaklqana.
  3489 | D:3      | Found a runed translucent gate.
  3490 | D:3      | Found a runed translucent gate.
  3491 | D:3      | Noticed Mels's ghost (amateur DgCj)
  3491 | D:3      | Noticed Zeld's ghost (amateur OpFi)
  3491 | D:3      | Noticed MisterAzrael's ghost (amateur SpEn)
  3676 | D:4      | Noticed an ogre
  3720 | D:4      | Killed an ogre
  3746 | D:4      | Reached XP level 6. HP: 27/44 MP: 6/6
  3750 | D:4      | Killed from afar by an orc priest

Illustrated notes

Levels and vault maps discovered:
D:1:      minmay_arrival_cross, layout_basic
D:2:      cheibrodos_greedy_goblins, layout_loops_ring, hex_large
D:3:      layout_loops_cross, amcnicky_altar_gilded,
          ebering_ecumenical_altar_box, gammafunk_ghost_cemetery,
          kennysheep_generic_room_12
D:4:      layout_basic, lemuel_doored_altar, ebering_ghost_gozag

Skill      XL: |  1  2  3  4 |
---------------+-------------+-----
Axes           | 3 |  3.8
Fighting       | 4 |  4.5
Shields        | 4 |  4.5
Dodging        | |  3.0

Action                   |  1- 3 |  4- 6 || total
-------------------------+-------+-------++-------
Melee: War axe           |    79 |    47 ||   126
       Constrict         |    15 |     9 ||    24
       Tentacles         |    11 |     6 ||    17
  Use: Potion            |       |     1 ||     1
 Stab: Sleeping          |     8 |     4 ||    12
Armor: Skin              |     5 |     6 ||    11
Dodge: Dodged            |    38 |    25 ||    63
Block: Kite shield       |    48 |    28 ||    76

Table legend: (Time is in decaauts)
 A = Elapsed time spent in this place.
 B = Non-inter-level travel time spent in this place.
 C = Inter-level travel time spent in this place.
 D = Time resting spent in this place.
 E = Time spent auto-exploring this place.
 F = Levels seen in this place.
 G = Mean time per level.
                   A        B        C        D        E       F      G
               +--------+--------+--------+--------+--------+-----+--------+
         Total |   3824 |   3774 |     50 |    327 |   2892 |   4 |  956.0 |
       Dungeon |   3824 |   3774 |     50 |    327 |   2892 |   4 |  956.0 |
               +--------+--------+--------+--------+--------+-----+--------+

Top non-repeatable levels by time:
     D:1: 1627 daAuts
     D:2: 1248 daAuts
     D:3: 826 daAuts
     D:4: 123 daAuts
